[Event "Team 45 45 League T47"]
[Site "Internet Chess Club"]
[Date "2010.11.11"]
[Round "1"]
[White "Phosphorus"]
[Black "BlackHorse"]
[Result "1-0"]
[WhiteElo "2051"]
[BlackElo "2001"]
[Opening "King's Indian: fianchetto, classical main line"]
[ECO "E69"]
[Time "16:40:50"]
[TimeControl "2700+45"]

1. d4 Nf6 2. c4 g6 3. g3 Bg7 4. Bg2 O-O 5. Nc3 d6 6. Nf3 c6 7. O-O Nbd7 8. e4 e5
9. h3 Qe7 10. Be3 a5 11. Qc2 exd4 12. Nxd4 Nc5 13. Rad1 h6 14. Rfe1 Kh7 15. f4
h5 16. Bf2 Ne6 17. b3 Nd7 18. Nf3 Ndc5 19. f5 Nc7 20. g4 hxg4 21. hxg4 Bf6 22.
Bxc5 dxc5 23. e5 Bh8 24. f6 Qe8 25. Kf2 Bxg4 26. Rh1+ Kg8 27. Qe4 Qe6 28. Rh4
Bf5 29. Rxh8+ Kxh8 30. Qh4+ Kg8 31. Qh6 Ne8 32. Rh1 Nxf6 33. Qh8# {Black
checkmated} 1-0

[Event "Team 45 45 League T47"]
[Site "Internet Chess Club"]
[Date "2010.11.07"]
[Round "1"]
[White "BuddyT"]
[Black "Karpyan"]
[Result "1/2-1/2"]
[WhiteElo "1755"]
[BlackElo "1853"]
[Opening "QGD Slav: 4.e3 Bf5"]
[ECO "D12"]
[Time "15:01:45"]
[TimeControl "2700+45"]

1. d4 d5 2. c4 c6 3. Nf3 Nf6 4. e3 Bf5 5. cxd5 cxd5 6. Qb3 Qb6 7. Qxb6 axb6 8.
Bb5+ Bd7 9. Bd3 Nc6 10. Bd2 Ne4 11. O-O Nxd2 12. Nbxd2 e6 13. Rfc1 Bd6 14. a3
O-O 15. Rc3 e5 16. dxe5 Nxe5 17. Nxe5 Bxe5 18. Rb3 Bc7 19. Rc1 Rfc8 20. Rbc3 Be5
21. R3c2 Bxb2 22. Rxc8+ Rxc8 23. Rxc8+ Bxc8 24. Nb1 Kf8 25. Kf1 Ke7 26. Ke2 g6
27. Kd2 Kd6 28. Kc2 Bg7 29. Nd2 Bd7 30. Kb3 Kc5 31. Nf3 Bg4 32. Ng5 Bd1+ 33. Ka2
b5 34. Nxf7 Bf6 35. f3 b4 36. axb4+ Kxb4 37. Nd6 Kc3 38. Bb5 b6 39. Ne8 Be7 40.
Nc7 Bb3+ 41. Kb1 Bc5 42. Bc6 Kd3 43. Nxd5 Bxe3 44. Nf6 Bf7 45. Nxh7 {Game drawn
by mutual agreement} 1/2-1/2

[Event "Team 45 45 League T47"]
[Site "Internet Chess Club"]
[Date "2010.11.07"]
[Round "1"]
[White "bondguy01"]
[Black "empire32"]
[Result "1/2-1/2"]
[WhiteElo "1709"]
[BlackElo "1738"]
[Opening "English opening"]
[ECO "A10"]
[Time "15:00:27"]
[TimeControl "2700+45"]

1. c4 b6 2. Nc3 Bb7 3. e4 e6 4. Nge2 Nf6 5. d3 Nc6 6. g3 d5 7. cxd5 exd5 8. exd5
Nxd5 9. Bg2 Ncb4 10. O-O Nxc3 11. Nxc3 Bxg2 12. Re1+ Be7 13. Qa4+ Kf8 14. Kxg2
Nxd3 15. Rd1 Qd6 16. Qe4 Rd8 17. Be3 Qb4 18. Qc6 Qd6 19. Qe4 Qe6 20. Qf3 Nxb2
21. Rxd8+ Bxd8 22. Re1 Qd7 23. Bc1 Nc4 24. Rd1 Nd6 25. Ba3 Be7 26. Qa8+ Qe8
{Game drawn by mutual agreement} 1/2-1/2

[Event "Team 45 45 League T47"]
[Site "Internet Chess Club"]
[Date "2010.11.07"]
[Round "1"]
[White "wrimle"]
[Black "Portola"]
[Result "0-1"]
[WhiteElo "1491"]
[BlackElo "1879"]
[Opening "Caro-Kann: exchange variation"]
[ECO "B13"]
[Time "16:00:15"]
[TimeControl "2700+45"]

1. e4 c6 2. d4 d5 3. exd5 cxd5 4. Bd3 Nf6 5. c3 Bg4 6. Qb3 b6 7. Bf4 Nbd7 8. Nd2
e6 9. Ngf3 Be7 10. O-O-O O-O 11. Rde1 a5 12. Qc2 Bh5 13. Ne5 Bg6 14. Nxg6 hxg6
15. Bxg6 fxg6 16. Qxg6 Qe8 17. Qxe8 Raxe8 18. Rxe6 Ng4 19. Bc7 Nxf2 20. Rf1 Nd3+
21. Kc2 Rxf1 22. Nxf1 Nf2 23. Bxb6 Nxb6 24. Rxb6 Bg5 25. Rb5 a4 26. Ng3 Re1 27.
b4 Rc1+ 28. Kb2 Nd1+ 29. Ka3 Nxc3 30. Rb8+ Kh7 31. Kb2 Nd1+ 32. Ka3 Bf4 33. Ne2
Bxb8 34. Nxc1 Nc3 35. Kb2 Nb5 36. Ne2 Bxh2 37. Nc3 Nxc3 38. Kxc3 Bc7 39. b5 Ba5+
40. Kb2 Bb6 41. Ka3 Bxd4 42. Kxa4 Bb6 43. Kb3 Kg6 44. a4 Ba5 45. Kc2 Kf5 46. Kd3
Ke5 47. g3 g6 48. g4 g5 49. Ke3 d4+ 50. Kd3 Kd5 51. b6 Bxb6 52. Kd2 Kc4 53. Kc2
Ba5 54. Kd1 d3 55. Kc1 Kd4 56. Kd1 Ke3 57. Kc1 Ke2 {White resigns} 0-1

[Event "Team 45 45 League T47"]
[Site "Internet Chess Club"]
[Date "2010.11.08"]
[Round "1"]
[White "SaltofLife"]
[Black "charles-allen"]
[Result "1/2-1/2"]
[WhiteElo "1952"]
[BlackElo "1858"]
[Opening "QGD: Cambridge Springs defense, Yugoslav variation"]
[ECO "D52"]
[Time "15:30:15"]
[TimeControl "2700+45"]

1. d4 d5 2. c4 c6 3. Nf3 Nf6 4. Nc3 e6 5. Bg5 Nbd7 6. e3 Qa5 7. cxd5 Nxd5 8. Qc2
Bb4 9. Rc1 Qxa2 10. Qd2 Nxc3 11. bxc3 Qxd2+ 12. Nxd2 Bd6 13. f4 f6 14. Bh4 e5
15. fxe5 fxe5 16. Bc4 exd4 17. exd4 Rf8 18. Nf3 Nb6 19. Bd3 Bf5 20. Bxf5 Rxf5
21. c4 Bb4+ 22. Ke2 Kf8 23. Rhf1 Kg8 24. Kd3 Raf8 25. Rb1 c5 26. Ra1 Nc8 27.
Rfb1 a5 28. dxc5 Rxc5 29. Be1 Bxe1 30. Rxe1 Rd8+ 31. Nd4 b5 32. cxb5 Rxb5 33.
Re8+ Rxe8 34. Nxb5 Rd8+ 35. Nd4 Na7 36. Kc3 Rc8+ 37. Kb3 Rb8+ 38. Kc4 Rc8+ 39.
Kd5 Rd8+ 40. Ke5 Re8+ {Game drawn by mutual agreement} 1/2-1/2

[Event "Team 45 45 League T47"]
[Site "Internet Chess Club"]
[Date "2010.11.06"]
[Round "1"]
[White "ChessicalZ"]
[Black "Twan709"]
[Result "0-1"]
[WhiteElo "1671"]
[BlackElo "1816"]
[Opening "English opening"]
[ECO "A20"]
[Time "13:00:25"]
[TimeControl "2700+45"]

1. c4 e5 2. g3 Nf6 3. Bg2 d5 4. cxd5 Nxd5 5. Nc3 Nb6 6. Nf3 Nc6 7. O-O Be7 8. a3
O-O 9. b4 Be6 10. d3 a5 11. b5 Nd4 12. Nxd4 exd4 13. Ne4 a4 14. Bb2 Ra5 15. Qc1
Rxb5 16. Rb1 c6 17. Ba1 Rxb1 18. Qxb1 Bxa3 19. Nd2 Be7 20. Qb2 a3 21. Qxd4 Qxd4
22. Bxd4 Nd5 23. Ra1 Ra8 24. Nc4 a2 25. Bxd5 Bxd5 26. Nb6 Ra6 27. Nxd5 cxd5 28.
Kf1 b5 29. Ke1 Ra4 30. e3 b4 31. Kd1 b3 32. Kc1 Rxd4 {White resigns} 0-1

[Event "Team 45 45 League T47"]
[Site "Internet Chess Club"]
[Date "2010.11.08"]
[Round "1"]
[White "siddhu"]
[Black "Deau"]
[Result "1-0"]
[WhiteElo "1817"]
[BlackElo "1564"]
[Opening "Caro-Kann: exchange variation"]
[ECO "B13"]
[Time "16:00:55"]
[TimeControl "2700+45"]

1. e4 c6 2. d4 d5 3. exd5 cxd5 4. Nf3 Nf6 5. Bf4 e6 6. a3 Qb6 7. b3 Nc6 8. Nc3
Be7 9. Nb5 O-O 10. Nc7 e5 11. Nxa8 Qd8 12. Bxe5 Nxe5 13. dxe5 Ne4 14. Bd3 Bf5
15. Nd4 Bg6 16. f3 Nc5 17. Bxg6 fxg6 18. b4 Na4 19. Ne6 Qxa8 20. Nxf8 Kxf8 21.
O-O Nc3 22. Qd2 Qc8 23. f4 Qc4 24. f5 gxf5 25. Rxf5+ Kg8 26. Raf1 h6 27. Kh1 Bg5
28. Rf8+ Kh7 29. Qf2 Qe4 30. Qf5+ Qxf5 31. R1xf5 Ne4 32. e6 d4 33. Re5 Nd6 34.
e7 {Black resigns} 1-0

[Event "Team 45 45 League T47"]
[Site "Internet Chess Club"]
[Date "2010.11.09"]
[Round "1"]
[White "BraafPaard"]
[Black "Rhel"]
[Result "1/2-1/2"]
[WhiteElo "1592"]
[BlackElo "1608"]
[Opening "Sicilian: closed"]
[ECO "B23"]
[Time "16:03:10"]
[TimeControl "2700+45"]

1. e4 c5 2. Nc3 g6 3. f4 Bg7 4. Bc4 e6 5. Nf3 Nc6 6. O-O Nge7 7. Qe1 d5 8. exd5
Nd4 9. Nxd4 cxd4 10. Ne2 O-O 11. dxe6 Bxe6 12. Bxe6 fxe6 13. d3 Qc7 14. c4 dxc3
15. Nxc3 Qb6+ 16. Kh1 Nd5 17. Nxd5 exd5 18. Rb1 Qa6 19. b3 Qxd3 20. Bb2 Rfe8 21.
Qd1 Qxd1 22. Rfxd1 Rad8 23. Bxg7 {Game drawn by mutual agreement} 1/2-1/2

[Event "Team 45 45 League T47"]
[Site "Internet Chess Club"]
[Date "2010.11.08"]
[Round "1"]
[White "SlimeDog2"]
[Black "viking99"]
[Result "1-0"]
[WhiteElo "2130"]
[BlackElo "1816"]
[Opening "English opening"]
[ECO "A30"]
[Time "20:49:29"]
[TimeControl "2700+45"]

1. Nf3 Nf6 2. c4 c5 3. Nc3 e6 4. g3 b6 5. Bg2 Bb7 6. O-O Nc6 7. e4 d6 8. d4 Nxd4
9. Nxd4 cxd4 10. Qxd4 Qc7 11. Rd1 e5 12. Qd3 a6 13. Be3 Qc6 14. Rac1 Be7 15. Nd5
Nd7 16. b4 Bc8 17. b5 Qb7 18. Nxe7 Kxe7 19. Qxd6+ Ke8 20. c5 Qb8 21. c6 Qxd6 22.
Rxd6 Nc5 23. Bxc5 bxc5 24. b6 Be6 25. Rxc5 Ke7 26. Rxe6+ Kxe6 27. b7 Rab8 28.
Rd5 g6 29. Bf1 f5 30. Bc4 Ke7 31. Bxa6 {Black resigns} 1-0

[Event "Team 45 45 League T47"]
[Site "Internet Chess Club"]
[Date "2010.11.03"]
[Round "1"]
[White "Rookmaster"]
[Black "sidd2007"]
[Result "1-0"]
[WhiteElo "1768"]
[BlackElo "1722"]
[Opening "Sicilian defense"]
[ECO "B40"]
[Time "08:30:09"]
[TimeControl "2700+45"]

1. e4 c5 2. Nf3 e6 3. Nc3 d5 4. exd5 exd5 5. Bb5+ Nc6 6. Qe2+ Be7 7. O-O Nf6 8.
Re1 Be6 9. d4 O-O 10. Bxc6 bxc6 11. Bg5 Qb6 12. dxc5 Qxb2 13. Qd3 h6 14. Rab1
Qa3 15. Bxf6 Bxf6 16. Nd4 Qxc5 17. Nce2 Rab8 18. Nb3 Qb5 19. Qg3 Qc4 20. h3 Qxc2
21. Rbc1 Qxa2 22. Nbd4 c5 23. Nxe6 fxe6 24. Rxc5 Rb1 25. Rxb1 Qxb1+ 26. Rc1 Qb5
27. Qg4 Re8 28. Nf4 e5 29. Nh5 Qb6 30. Qd7 Qe6 31. Qxa7 Qf7 32. Nxf6+ gxf6 33.
Rc7 Qg6 34. Qb7 d4 35. Qb3+ Kh8 36. Rd7 Rg8 37. g3 Qf5 38. Qb7 d3 39. g4 Qg6 40.
Qb6 h5 41. Rd6 Rf8 42. f3 Qg5 43. Qb4 Qc1+ 44. Kg2 Qc2+ 45. Kg3 h4+ 46. Kxh4
Qf2+ 47. Kh5 Qe3 48. h4 Qa7 49. Qe4 Qe7 50. Qg6 Rf7 51. Rd8+ Qxd8 52. Qxf7 f5
53. gxf5 d2 54. Kh6 Qd6+ 55. f6 {Black resigns} 1-0

[Event "Team 45 45 League T47"]
[Site "Internet Chess Club"]
[Date "2010.11.08"]
[Round "1"]
[White "musk6868"]
[Black "DaveTheRook"]
[Result "1-0"]
[WhiteElo "1859"]
[BlackElo "1718"]
[Opening "Benko's opening"]
[ECO "A00"]
[Time "19:00:27"]
[TimeControl "2700+45"]

1. g3 Nf6 2. Bg2 g6 3. f4 Bg7 4. Nf3 d5 5. d3 c5 6. Nc3 O-O 7. O-O Nc6 8. a3 a6
9. Bd2 Rb8 10. e4 d4 11. Ne2 Bg4 12. h3 Bxf3 13. Bxf3 Qd7 14. g4 Ne8 15. Ng3 e5
16. f5 Qe7 17. Bg2 Qh4 18. Qf3 Bh6 19. Bxh6 Qxh6 20. Rf2 Nd6 21. c4 dxc3 22.
bxc3 Nb5 23. Rc2 Qf4 24. Qxf4 exf4 25. Ne2 g5 26. a4 Nd6 27. d4 Nc4 28. e5 Ne3
29. Rd2 Nxg2 30. Kxg2 cxd4 31. cxd4 Rfd8 32. Rad1 Kf8 33. Ng1 Rd5 34. Nf3 h6 35.
h4 gxh4 36. Kh3 b5 37. axb5 Rbxb5 38. Kxh4 Rb3 39. Rd3 Rb2 40. g5 hxg5+ 41. Kxg5
Nb4 42. R3d2 Rb3 43. Kxf4 a5 44. Ra1 Ke7 45. Ke4 Rb5 46. f6+ Ke8 47. Nh4 Nd5 48.
Nf5 Nc3+ 49. Kf4 Nd5+ 50. Kg5 Kf8 51. Rh2 Ke8 52. Nd6+ Kd7 53. Nxb5 Rxb5 54. Kf5
Ne3+ 55. Ke4 Nd5 56. Rc2 Nb4 57. Rc5 Rxc5 58. dxc5 Nc6 59. Rd1+ Kc7 60. e6
{Black resigns} 1-0

[Event "Team 45 45 League T47"]
[Site "Internet Chess Club"]
[Date "2010.11.06"]
[Round "1"]
[White "Kingofknights"]
[Black "Cergillio"]
[Result "1-0"]
[WhiteElo "1615"]
[BlackElo "1271"]
[Opening "QGD: Tarrasch, von Hennig-Schara gambit"]
[ECO "D32"]
[Time "16:01:36"]
[TimeControl "2700+45"]

1. d4 e6 2. c4 c5 3. Nc3 d5 4. cxd5 cxd4 5. dxe6 Bxe6 6. Ne4 Nc6 7. Nf3 Bb4+ 8.
Bd2 Bxd2+ 9. Qxd2 Nf6 10. Neg5 Qa5 11. Qxa5 Nxa5 12. Nxe6 fxe6 13. Nxd4 Ke7 14.
e3 Rhd8 15. Be2 g6 16. O-O a6 17. Rac1 Rac8 18. b4 e5 19. Nf3 e4 20. Nd4 Nc6 21.
Nxc6+ Rxc6 22. Rxc6 bxc6 23. Bxa6 Ra8 24. Bc4 Ra4 25. Rb1 c5 26. Bb5 cxb4 27.
Bxa4 Nd5 28. Bc6 Nc3 29. Rxb4 Nxa2 30. Rb7+ Kd6 31. Bxe4 Nc3 32. Bd3 h5 33. Bxg6
h4 34. Rh7 Ne2+ 35. Kf1 h3 36. Rxh3 {Black resigns} 1-0

[Event "Team 45 45 League T47"]
[Site "Internet Chess Club"]
[Date "2010.11.07"]
[Round "1"]
[White "Paulkov"]
[Black "Chatica"]
[Result "1-0"]
[WhiteElo "2267"]
[BlackElo "2068"]
[Opening "Alekhine's defense: exchange variation"]
[ECO "B03"]
[Time "11:01:38"]
[TimeControl "2700+45"]

1. e4 Nf6 2. e5 Nd5 3. d4 d6 4. c4 Nb6 5. exd6 exd6 6. Nc3 Nc6 7. Be3 Be7 8. b3
O-O 9. Nf3 Bg4 10. Be2 Bf6 11. O-O d5 12. c5 Nc8 13. h3 Bh5 14. b4 a6 15. g4 Bg6
16. Qb3 Be4 17. Rad1 a5 18. b5 a4 19. Qb2 Na5 20. Nxe4 dxe4 21. Nd2 Re8 22. Qc2
Qd5 23. Nb1 Qe6 24. Nc3 a3 25. d5 Qe7 26. Rfe1 h6 27. Bf1 Bxc3 28. Qxc3 b6 29.
Bg2 bxc5 30. Bxc5 Nd6 31. Bxd6 Qxd6 32. Rxe4 Nb7 33. Rxe8+ Rxe8 34. Qc6 Rb8 35.
b6 cxb6 36. Rb1 Qxc6 37. dxc6 Nc5 38. Rxb6 Rc8 39. Rb5 Ne6 40. Ra5 Nf4 41. Be4
Nxh3+ 42. Kf1 Ng5 43. Bd5 Ne6 44. Rxa3 Nd4 45. Ra6 Nb5 46. Rb6 Nc7 47. Be4 Kf8
48. Bf5 Ne6 49. a4 Ke7 50. a5 Kd6 51. a6 Ra8 52. c7+ Kxc7 53. Rb7+ Kd6 54. a7
Ke5 55. Rxf7 Nd4 56. Rxg7 Nxf5 57. gxf5 Kxf5 58. Kg2 Kf6 59. Rh7 Kf5 60. Kf3 Kg6
61. Rb7 Kf5 62. Kg3 Rg8+ 63. Kh4 Rg4+ 64. Kh5 Ra4 65. Kxh6 Ke6 66. Kg6 Rg4+ 67.
Kh5 Ra4 68. f4 Kf6 69. Kg4 Ra3 70. Rc7 Ra2 71. Kf3 Ra4 72. Ke3 Ke6 73. Kd3 Kf6
74. Kc3 Kf5 75. Kb3 Ra1 76. Kb4 Kxf4 77. Kb5 Rb1+ 78. Kc6 {Black resigns} 1-0

[Event "Team 45 45 League T47"]
[Site "Internet Chess Club"]
[Date "2010.11.07"]
[Round "1"]
[White "Gregorio"]
[Black "jorobo"]
[Result "1/2-1/2"]
[WhiteElo "2032"]
[BlackElo "2100"]
[Opening "QGD: Tarrasch, Prague variation, Normal position"]
[ECO "A13"]
[Time "14:30:17"]
[TimeControl "2700+45"]

1. c4 e6 2. Nf3 d5 3. g3 c5 4. cxd5 exd5 5. d4 Nc6 6. Bg2 Nf6 7. O-O Be7 8. Nc3
O-O 9. dxc5 Bxc5 10. e3 Bg4 11. Na4 Be7 12. b3 Ne4 13. Bb2 Bf6 14. h3 Bxb2 15.
Nxb2 Bxf3 16. Bxf3 Qf6 17. Bxe4 dxe4 18. Nc4 Rad8 19. Qg4 b5 20. Na3 Ne5 21. Qf4
Nf3+ 22. Kg2 Qxf4 23. exf4 a6 24. Rfd1 f5 25. Rac1 g6 26. Nc2 a5 27. Ne3 Nd4 28.
Rc5 a4 29. Nd5 axb3 30. Rxd4 bxa2 31. Rc1 b4 32. Ne7+ Kf7 33. Rxb4 Kxe7 34. Rc7+
Kd6 35. Ra7 Ra8 36. Rba4 Rxa7 37. Rxa7 Rc8 38. Rxa2 h5 39. g4 hxg4 40. hxg4 Rc6
41. Ra5 Ke6 42. Kg3 Rc3+ 43. Kh4 Rf3 44. gxf5+ gxf5 45. Kg5 Rxf2 46. Re5+ Kf7
47. Kxf5 Re2 48. Ra5 e3 49. Ra7+ Kg8 50. Kf6 Rb2 51. Ra8+ Kh7 52. Re8 e2 53. f5
Rb6+ 54. Kg5 Rb2 55. Re7+ Kg8 56. Kg6 Kf8 57. Re6 Ra2 58. Re3 Rb2 59. f6 {Game
drawn by mutual agreement} 1/2-1/2

[Event "Team 45 45 League T47"]
[Site "Internet Chess Club"]
[Date "2010.11.06"]
[Round "1"]
[White "azbycx"]
[Black "AndreMorais"]
[Result "1/2-1/2"]
[WhiteElo "1873"]
[BlackElo "1896"]
[Opening "King's Indian: fianchetto, Yugoslav, 7.O-O"]
[ECO "E65"]
[Time "13:00:33"]
[TimeControl "2700+45"]

1. d4 Nf6 2. Nf3 g6 3. g3 Bg7 4. Bg2 O-O 5. O-O d6 6. c4 c5 7. Nc3 cxd4 8. Nxd4
Qc7 9. b3 Bd7 10. Bb2 a6 11. Rc1 Nc6 12. Nd5 Qd8 13. Nxf6+ Bxf6 14. Nxc6 Bxc6
15. Bxf6 exf6 16. Bxc6 bxc6 17. Qd4 Qe7 18. e3 Qe5 19. Rfd1 Rfd8 20. f3 Kf8 21.
Rd3 Qxd4 22. Rxd4 f5 23. Rcd1 Ke7 24. e4 fxe4 25. Rxe4+ Kd7 26. Kf2 Re8 27. Rde1
f5 28. Rxe8 Rxe8 29. Rxe8 Kxe8 30. Ke3 Ke7 31. Kd4 Ke6 32. b4 Kd7 33. a4 Kc7 34.
b5 axb5 35. axb5 Kb6 36. f4 h6 37. h3 h5 38. h4 Kc7 39. bxc6 {Game drawn by
mutual agreement} 1/2-1/2

[Event "Team 45 45 League T47"]
[Site "Internet Chess Club"]
[Date "2010.11.05"]
[Round "1"]
[White "Troparion"]
[Black "az2112"]
[Result "1/2-1/2"]
[WhiteElo "1808"]
[BlackElo "1698"]
[Opening "Queen's bishop game"]
[ECO "D02"]
[Time "21:01:21"]
[TimeControl "2700+45"]

1. d4 Nf6 2. Nf3 d5 3. Bf4 e6 4. e3 c5 5. c3 Nc6 6. h3 Qb6 7. b3 cxd4 8. exd4
Be7 9. Nbd2 O-O 10. Bd3 Bd7 11. O-O Rac8 12. Qe2 a6 13. Rac1 Na7 14. c4 dxc4 15.
Nxc4 Qd8 16. Nce5 Rxc1 17. Rxc1 Nd5 18. Bg3 Bb5 19. Nc4 Nc6 20. a4 Bxc4 21. bxc4
Ndb4 22. Rd1 Nxd3 23. Qxd3 Qa5 24. d5 exd5 25. cxd5 Rd8 26. Qe4 Qb4 27. Qc2 Qc5
28. Qe4 Qb4 29. Qc2 Qc5 30. Qe4 Qb4 {Game drawn by repetition} 1/2-1/2

[Event "Team 45 45 League T47"]
[Site "Internet Chess Club"]
[Date "2010.11.12"]
[Round "1"]
[White "BadHabitMarco"]
[Black "chess9793"]
[Result "1-0"]
[WhiteElo "2043"]
[BlackElo "2051"]
[Opening "Sicilian: accelerated fianchetto, modern variation"]
[ECO "B34"]
[Time "22:00:36"]
[TimeControl "2700+45"]

1. e4 c5 2. Nf3 Nc6 3. d4 cxd4 4. Nxd4 g6 5. Nc3 Bg7 6. Be3 Nf6 7. f3 O-O 8. Qd2
d5 9. Nxc6 bxc6 10. O-O-O Qa5 11. exd5 cxd5 12. Bd4 Rb8 13. h4 Qb4 14. Nb1 Qb7
15. b3 Re8 16. Be5 Ne4 17. Qxd5 Bxe5 18. Qxe5 Nf2 19. Bc4 Nxh1 20. Rxh1 Bf5 21.
h5 Qc6 22. Nc3 Qd6 23. Qxd6 exd6 24. Nd5 Kg7 25. h6+ Kh8 26. g4 Be6 27. Nf6 Red8
28. Bxe6 fxe6 29. Re1 Rb5 30. Rxe6 Re5 31. Rxe5 dxe5 32. g5 Rd4 33. c4 Rf4 34.
c5 Rxf3 35. Kb2 Rf2+ 36. Kc3 Rxa2 37. b4 Ra1 38. Kc4 Rd1 39. c6 Rc1+ 40. Kd5 e4
41. Nxe4 Rd1+ 42. Ke6 Rd4 43. Nd6 Rxb4 44. c7 {Black resigns} 1-0

[Event "Team 45 45 League T47"]
[Site "Internet Chess Club"]
[Date "2010.11.04"]
[Round "1"]
[White "superbeast"]
[Black "nightly"]
[Result "1/2-1/2"]
[WhiteElo "1838"]
[BlackElo "1854"]
[Opening "English: ultra-symmetrical variation"]
[ECO "A36"]
[Time "14:01:04"]
[TimeControl "2700+45"]

1. c4 c5 2. g3 Nc6 3. Bg2 g6 4. Nc3 Bg7 5. a3 Nf6 6. Rb1 a5 7. Nh3 O-O 8. Nf4 e5
9. Nfd5 Nxd5 10. Nxd5 Ne7 11. d3 Nxd5 12. Bxd5 d6 13. h4 h5 14. b4 axb4 15. axb4
Rb8 16. Bg5 Qc7 17. bxc5 Qxc5 18. Rb5 Qc7 19. Qb3 Kh7 20. O-O Bh6 21. Bxh6 Kxh6
22. Rb1 f5 23. Bxb7 f4 24. Bxc8 Rbxc8 25. Rb7 Qc5 26. Qb6 fxg3 27. Qxc5 Rxc5 28.
fxg3 e4 29. Rd7 exd3 30. exd3 Rf6 31. Rb6 Rcf5 32. Rb1 Rf3 33. Kg2 Rxd3 34. Rbb7
g5 35. Rh7+ Kg6 36. Rbg7+ Kf5 37. hxg5 {Game drawn by mutual agreement} 1/2-1/2

[Event "Team 45 45 League T47"]
[Site "Internet Chess Club"]
[Date "2010.11.06"]
[Round "1"]
[White "leland"]
[Black "koni"]
[Result "0-1"]
[WhiteElo "1827"]
[BlackElo "1889"]
[Opening "Pirc: classical, h3 system"]
[ECO "B08"]
[Time "14:24:42"]
[TimeControl "2700+45"]

1. e4 d6 2. d4 Nf6 3. Nc3 g6 4. Nf3 Bg7 5. h3 O-O 6. Be3 a6 7. Be2 b5 8. a3 Bb7
9. Bd3 Nbd7 10. O-O e5 11. d5 Nc5 12. Rc1 c6 13. Bxc5 dxc5 14. dxc6 Bxc6 15.
Nxe5 Bb7 16. Ng4 c4 17. Be2 Nxe4 18. Nxe4 Bxe4 19. c3 f5 20. Ne3 Qg5 21. Qd7
Rfd8 22. Qe6+ Kh8 23. f4 Qf6 24. Qxf6 Bxf6 25. Bf3 Bxf3 26. Rxf3 Rd2 27. Rc2
Rad8 28. Rf2 Rxc2 29. Nxc2 Kg7 30. Kf1 Kf7 31. Ke1 Bh4 32. Nd4 Rxd4 33. cxd4 Ke6
34. Ke2 Bxf2 35. Kxf2 h5 36. h4 Kd6 37. Ke2 Kd5 38. Ke3 a5 39. g3 b4 40. axb4
axb4 41. Ke2 Kxd4 42. Kd2 Ke4 43. Ke2 c3 44. b3 Kd4 45. Kd1 Kd3 46. Kc1 Ke3 47.
Kc2 Kf3 {White resigns} 0-1

[Event "Team 45 45 League T47"]
[Site "Internet Chess Club"]
[Date "2010.11.06"]
[Round "1"]
[White "Memphischess"]
[Black "Panthalassa"]
[Result "0-1"]
[WhiteElo "2127"]
[BlackElo "1993"]
[Opening "Caro-Kann: exchange, Rubinstein variation"]
[ECO "B13"]
[Time "16:12:22"]
[TimeControl "2700+45"]

1. e4 c6 2. d4 d5 3. exd5 cxd5 4. Bd3 Nf6 5. c3 Nc6 6. Bf4 Bg4 7. Qb3 Qd7 8. Nd2
e6 9. Ngf3 Bxf3 10. Nxf3 Be7 11. Ne5 Qc8 12. O-O O-O 13. Qc2 Rd8 14. g4 g6 15.
h4 Nxe5 16. dxe5 Nd7 17. h5 Kg7 18. Qd2 Qc7 19. Rae1 Rab8 20. Bh6+ Kg8 21. f4
Qb6+ 22. Kh1 Nc5 23. f5 Nxd3 24. hxg6 Nxe1 25. gxh7+ Kxh7 26. Qh2 Kg8 27. Bg7
Kxg7 28. f6+ Kg8 29. fxe7 Qe3 30. exd8=Q+ Rxd8 31. Rf4 Kg7 32. Rxf7+ Kxf7 33.
Qh7+ Ke8 {White resigns} 0-1

[Event "Team 45 45 League T47"]
[Site "Internet Chess Club"]
[Date "2010.11.07"]
[Round "1"]
[White "gorgon"]
[Black "sammj"]
[Result "0-1"]
[WhiteElo "1963"]
[BlackElo "2271"]
[Opening "English, 1...Nf6 (Anglo-Indian defense)"]
[ECO "A15"]
[Time "06:57:03"]
[TimeControl "2700+45"]

1. c4 Nf6 2. g3 c6 3. Bg2 d5 4. Nf3 dxc4 5. Ne5 Be6 6. Na3 Bd5 7. Nf3 Nbd7 8. b3
cxb3 9. axb3 e5 10. d3 Bb4+ 11. Bd2 Bxd2+ 12. Qxd2 e4 13. dxe4 Nxe4 14. Qe3 Qa5+
15. Nd2 Nc5 16. Bxe4 Nxe4 17. O-O Qxd2 {White resigns} 0-1

[Event "Team 45 45 League T47"]
[Site "Internet Chess Club"]
[Date "2010.11.06"]
[Round "1"]
[White "DARKwizard1"]
[Black "dkappe"]
[Result "1-0"]
[WhiteElo "2139"]
[BlackElo "1944"]
[Opening "Caro-Kann: classical variation"]
[ECO "B18"]
[Time "10:01:19"]
[TimeControl "2700+45"]

1. e4 c6 2. d4 d5 3. Nc3 dxe4 4. Nxe4 Bf5 5. Ng3 Bg6 6. Nf3 Nd7 7. Bc4 Ngf6 8.
O-O e6 9. Re1 Be7 10. Qe2 O-O 11. Bxe6 Bb4 12. c3 fxe6 13. cxb4 Nd5 14. Qxe6+
Bf7 15. Qd6 N7b6 16. Qxd8 Raxd8 17. a3 h6 18. Ne5 Nf6 19. Nf5 Nbd5 20. h3 Be6
21. Ng3 Nc7 22. Be3 Bb3 23. Re2 Nb5 24. Rd2 Nd6 25. Re1 Ba4 26. Bf4 Nd5 27. Be3
Nf6 28. Ne2 Nfe4 29. Rd3 Bc2 30. Nf4 Bxd3 31. Nexd3 Rde8 32. Ne5 g5 33. Nh5 Kh7
34. f3 Nf6 35. Nxf6+ Rxf6 36. Bf2 Nf5 37. Re4 Rd8 38. Ng4 Rf7 39. Re6 Rd6 40.
Nxh6 Rfd7 41. Rxd6 Nxd6 42. Ng4 Kg7 43. Be3 Nf5 44. Bxg5 Rxd4 45. Bf6+ {Black
resigns} 1-0

[Event "Team 45 45 League T47"]
[Site "Internet Chess Club"]
[Date "2010.11.09"]
[Round "1"]
[White "The-Economist"]
[Black "Cryptochess"]
[Result "0-1"]
[WhiteElo "1946"]
[BlackElo "2150"]
[Opening "Nimzo-Indian: classical, Milner-Barry (Zurich) variation"]
[ECO "E33"]
[Time "16:08:22"]
[TimeControl "2700+45"]

1. d4 Nf6 2. c4 e6 3. Nc3 Bb4 4. Qc2 Nc6 5. Nf3 d6 6. Bg5 h6 7. Bh4 g5 8. Bg3 g4
9. d5 exd5 10. cxd5 Nxd5 11. Nd2 Bxc3 12. bxc3 Qf6 13. Rc1 Bd7 14. e3 O-O-O 15.
Bc4 Nb6 16. Bd3 h5 17. Bf4 Nd5 18. Ne4 Qg7 19. Bg5 f6 20. Bh4 Rde8 21. Ng3 Nf4
22. O-O Nxd3 23. Qxd3 Ne5 24. Qd4 b6 25. a4 Ref8 26. a5 Bc6 27. e4 Qd7 28. axb6
axb6 29. c4 Bb7 30. Rfd1 Qc6 31. Re1 f5 32. Be7 Rf7 33. Bg5 f4 34. Ne2 f3 35.
Nf4 fxg2 36. Qd5 Qxd5 37. exd5 Nf3+ 38. Kxg2 Nxg5 {White resigns} 0-1

[Event "Team 45 45 League T47"]
[Site "Internet Chess Club"]
[Date "2010.11.06"]
[Round "1"]
[White "Uwak"]
[Black "Vaigpertu"]
[Result "1-0"]
[WhiteElo "2277"]
[BlackElo "2277"]
[Opening "Sicilian defense"]
[ECO "B41"]
[Time "20:07:24"]
[TimeControl "2700+45"]

1. e4 c5 2. Nf3 e6 3. d4 cxd4 4. Nxd4 Qb6 5. Be3 Bc5 6. Na3 d5 7. Bb5+ Bd7 8.
O-O Ne7 9. b4 Bxb4 10. Nf5 Qa5 11. Nxg7+ Kd8 12. Qf3 Rf8 13. exd5 Nxd5 14. c4
Bxa3 15. cxd5 {Black resigns} 1-0

[Event "Team 45 45 League T47"]
[Site "Internet Chess Club"]
[Date "2010.11.05"]
[Round "1"]
[White "MikeA"]
[Black "Jack-ONeill"]
[Result "1-0"]
[WhiteElo "2179"]
[BlackElo "2016"]
[Opening "Ruy Lopez: Schliemann defense, Berger variation"]
[ECO "C63"]
[Time "16:00:23"]
[TimeControl "2700+45"]

1. e4 e5 2. Nf3 Nc6 3. Bb5 f5 4. Nc3 fxe4 5. Nxe4 Nf6 6. Nxf6+ Qxf6 7. O-O Nd4
8. Nxd4 exd4 9. Re1+ Be7 10. d3 c6 11. Qh5+ g6 12. Bg5 {Black resigns} 1-0